 Dungeon Crawl Stone Soup version 0.29-a0-653-gd47aff6735 (webtiles) character file.

Game seed: 15291938187453437270

20 ytrimaz the Skirmisher (level 2, -7/24 HPs)
             Began as a Demonspawn Berserker on June 21, 2022.
             Was a Follower of Trog.
             Mangled by a gnoll
             ... wielding a +1 whip of electrocution
              (8 damage)
             ... on level 2 of the Dungeon.
             The game lasted 00:01:18 (1157 turns).

ytrimaz the Skirmisher (Demonspawn Berserker)       Turns: 1157, Time: 00:01:18

Health: -7/24      AC:  3    Str: 17    XL:     2   Next: 58%
Magic:  2/2        EV: 12    Int:  8    God:    Trog [*.....]
Gold:   74         SH:  0    Dex: 12    Spells: 1/1 levels left

rFire   . . .      SeeInvis .   a - +0 hand axe
rCold   . . .      Faith    .   (no shield)
rNeg    . . .      Spirit   .   b - +0 animal skin
rPois   .          Reflect  .   (no helmet)
rElec   .          Harm     .   (no cloak)
rCorr   .          Rampage  .   (no gloves)
Will    .....                   c - +0 pair of boots
Stlth   +.........              (no amulet)
HPRegen 0.08/turn               (no ring)
MPRegen 0.08/turn               (no ring)

@: mighty
A: spiny 1
a: Renounce Religion, Berserk


You were on level 2 of the Dungeon.
You worshipped Trog.
Trog was aware of your devotion.
You visited 1 branch of the dungeon, and saw 2 of its levels.

You collected 74 gold pieces.

Inventory:

Hand Weapons
 a - a +0 hand axe (weapon)
Armour
 b - a +0 animal skin (worn)
 c - a +0 pair of boots (worn)
Wands
 i - a wand of iceblast (11)
Scrolls
 e - a scroll of identify {unknown}
 f - a scroll of teleportation {unknown}
 h - a scroll of noise {unknown}
Potions
 g - a potion of magic {unknown}


   Skills:
 + Level 3.4 Fighting
 + Level 3.2 Axes
 - Level 1.7 Armour
 - Level 1.7 Dodging


You had one spell level left.
You didn't know any spells.
Your spell library was empty.

Dungeon Overview and Level Annotations

Branches:
Dungeon (2/15)

Altars:


Innate Abilities, Weirdness & Mutations

You are partially covered in sharp spines.


Message History

You see here a rat corpse.
Found 2 poisoned darts.
i - a wand of iceblast (11)
Found 9 stones.
You now have 51 gold pieces (gained 2).
Found a stone staircase leading down.
You now have 60 gold pieces (gained 9).
You now have 74 gold pieces (gained 14). 2 gnolls come into view.
A gnoll is wielding a +1 whip of electrocution.
There is a stone staircase leading down here.
There are monsters nearby!
A gnoll comes into view. It is wielding a +0 halberd.
Found a scroll labelled BOTOBE BOUHOANOKH.
The gnoll shouts!
Press: ? - help, v - describe, . - travel
Here: a gnoll, wielding a +1 whip of electrocution The floor.
There is a stone staircase leading down here.
There are no items here.
A quokka comes into view.
The gnoll barely misses you.
There is a stone staircase leading down here.
You fail to use your ability.
You barely miss the gnoll. You hit the gnoll but do no damage.
The gnoll is struck by your spines. The gnoll hits you with a +0 halberd.
The gnoll misses you.
You hit the gnoll.
The gnoll is moderately wounded.
You hit the gnoll. The gnoll barely misses you.
The gnoll hits you with a +1 whip of electrocution.
You are electrocuted!
Ouch! That really hurt!
* * * LOW HITPOINT WARNING * * *
Unknown command.
It was a potion of might.
You feel very mighty all of a sudden. The gnoll closely misses you.
The gnoll is struck by your spines.
The gnoll hits you with a +1 whip of electrocution!
You die...

##....######
.#
##.#.######
#......(.#
#...####.#
#...# #.#
#...## #.#
#....# #.#
#..#.###.#
#.....r@g#
##.##.##g#
#.##.##.#
#.##.##.#
#.#...#.#
#.....g.#
###.r.#.#
##.##.# #.#


You could see 2 gnolls and a quokka.

Vanquished Creatures
  A ball python (D:1)
  2 endoplasms (D:1)
  4 goblins (D:1)
  2 hobgoblins (D:1)
  A quokka (D:1)
  3 bats
  2 frilled lizards (D:1)
  3 rats
18 creatures vanquished.

Notes
Turn   | Place    | Note
-------+----------+-------------------------------------------
     0 | D:1      | ytrimaz the Demonspawn Berserker began the quest for the
                  | Orb.
     0 | D:1      | Reached XP level 1. HP: 18/18 MP: 1/1
   560 | D:1      | Gained mutation: You are partially covered in sharp spines.
                  | [demonic ancestry]
   560 | D:1      | Reached XP level 2. HP: 19/24 MP: 2/2
  1156 | D:2      | HP: 1/24 [gnoll/+1 whip of electrocution (15)]
  1157 | D:2      | Mangled by a gnoll

Illustrated notes

Levels and vault maps discovered:
D:1:      minmay_arrival_radiant_lines, layout_basic, minmay_misc_feat_roman
D:2:      layout_loops_ring, serial_shops, nicolae_shop_window_shopping,
          minmay_joined_circles

Skill      XL: |  1 |
---------------+----+-----
Axes           | 3 |  3.2
Fighting       | |  3.4
Armour         | |  1.7
Dodging        | |  1.7

Action                   || total
-------------------------++-------
Melee: Hand axe          ||    38
  Use: Potion            ||     1
Armor: Animal skin       ||     8
Dodge: Dodged            ||    35

Table legend: (Time is in decaauts)
 A = Elapsed time spent in this place.
 B = Non-inter-level travel time spent in this place.
 C = Inter-level travel time spent in this place.
 D = Time resting spent in this place.
 E = Time spent auto-exploring this place.
 F = Levels seen in this place.
 G = Mean time per level.
                   A        B        C        D        E       F      G
               +--------+--------+--------+--------+--------+-----+--------+
         Total |   1162 |   1121 |     41 |      0 |    953 |   2 |  581.0 |
       Dungeon |   1162 |   1121 |     41 |      0 |    953 |   2 |  581.0 |
               +--------+--------+--------+--------+--------+-----+--------+

Top non-repeatable levels by time:
     D:1: 1097 daAuts
     D:2: 65 daAuts
